 Dungeon Crawl Stone Soup version 0.30-a0-540-g0af01429fa (webtiles) character file.

Game seed: 14754166987857254722

111 bande the Trooper (level 4, -3/29 HPs)
             Began as a Gargoyle Fighter on Dec 25, 2022.
             Killed by nerve-wracking pain
             ... invoked by an orc priest
              (6 damage)
             ... on level 3 of the Dungeon.
             The game lasted 00:03:27 (1910 turns).

bande the Trooper (Gargoyle Fighter)                Turns: 1910, Time: 00:03:28

Health: -3/29      AC: 11    Str: 19    XL:     4   Next: 92%
Magic:  4/4        EV:  9    Int:  9    God:
Gold:   82         SH:  4    Dex: 11    Spells: 3/3 levels left

rFire   + . .      SeeInvis .    a - +0 war axe
rCold   . . .      Faith    .    c - +0 buckler
rNeg    + . .      Spirit   .    b - +0 scale mail
rPois   ∞          Reflect  .    (no helmet)
rElec   +          Harm     .    (no cloak)
rCorr   .          Rampage  .    (no gloves)
Will    .....                    h - +0 pair of boots Stlth
                                 (no amulet)
HPRegen 0.24/turn                p - ring of protection from fire
MPRegen 0.09/turn                (no ring)

@: no status effects
A: sickness immunity, AC +3, negative energy resistance 1, electricity
resistance, torment resistance 1, petrification resistance
a: no special abilities


You were on level 3 of the Dungeon.
You visited 1 branch of the dungeon, and saw 3 of its levels.

You collected 82 gold pieces.

Inventory:

Hand Weapons
 a - a +0 war axe (weapon)
Armour
 b - a +0 scale mail (worn)
 c - a +0 buckler (worn)
 h - a +0 pair of boots (worn)
Jewellery
 i - a ring of magical power
 n - an amulet of regeneration
 p - a ring of protection from fire (left hand)
Scrolls
 e - a scroll of teleportation
 f - 4 scrolls of identify
 l - 2 scrolls of fog
Potions
 d - 3 potions of might
 g - a potion of curing
 j - 2 potions of invisibility {unknown}
 k - 2 potions of attraction
 m - a potion of brilliance {unknown}
 o - a potion of lignification {unknown}


   Skills:
 + Level 4.1 Fighting
 + Level 3.1 Axes
 + Level 4.0 Armour
 + Level 3.7 Shields


You had 3 spell levels left.
You didn't know any spells.
Your spell library contained the following spells:

 Spells                   Type           Power      Damage    Failure   Level
 Beastly Appendage        Tmut           0%         N/A       83%         1
 Wereblood                Tmut           0%         N/A       93%         2
 Spider Form              Tmut/Pois      0%         N/A       99%         3


Dungeon Overview and Level Annotations

Branches:
Dungeon (3/15)

Altars:
Vehumet


Innate Abilities, Weirdness & Mutations

You are immune to sickness and miasma.
Your stone body is resilient. (AC +3)
You are immune to poison.
You resist negative energy. (rN+)
You are resistant to electric shocks. (rElec)
You are resistant to unholy torment.
You are immune to petrification.


Message History

You are more confused.
The orc priest hits you with a +0 dagger.
You bump into the rock wall.
The orc priest hits you but does no damage.
Unknown command.
You miss the orc wizard.
The orc wizard is lightly wounded.
You miss the orc priest.
The orc wizard hits you but does no damage.
The orc priest hits you with a +0 dagger.
Unknown command.
You're too confused to move!
The orc wizard hits you but does no damage.
The orc priest closely misses you.
The orc priest calls down the wrath of Beogh upon you.
Pain shoots through your body!
* * * LOW HITPOINT WARNING * * *
You feel better.
The orc wizard gestures wildly while chanting.
The orc wizard flickers and vanishes!
Deactivating autopickup; reactivate with Ctrl-A.
The orc priest barely misses you.
You slash the orc priest!
The orc priest is almost dead.
The orc priest hits you but does no damage.
You hit the orc priest but do no damage.
The orc priest is almost dead.
The orc priest mumbles some strange prayers to Beogh against you.
Beogh smites you!
Ouch! That really hurt!
* * * LOW HITPOINT WARNING * * *
Something hits you but does no damage.
The orc priest begins to cast a cantrip, but forgets the words!
Unknown command.
You closely miss the orc priest.
The orc priest is almost dead.
You closely miss something. Something hits you but does no damage.
The orc priest invokes the aid of Beogh against you.
Pain shoots through your body!
You die...

######### #..#.######
#........# #..........
##.######.###########..#.......
...............................
..........................#....
.....##...........#.#..........
........................)......
####...................))..#+##
................@o.............
.................#.............
.#...............#..#..........
.#.†...........................
.##............................
..............................#
..............##.#..#..#....##
...#......#..##..#.$..........
...#......#..##..#..#..#......


You could see an orc priest.

Vanquished Creatures
  A gnoll (D:1)
  3 adders (D:2)
  2 worms (D:3)
  3 dart slugs
  4 orcs
  4 ball pythons (D:1)
  4 bats
  5 endoplasms
  3 giant cockroaches
  5 goblins
  3 hobgoblins
  4 jackals (D:2)
  3 quokkas
  3 frilled lizards
  5 kobolds
  A rat (D:1)
53 creatures vanquished.

Notes
Turn   | Place    | Note
-------+----------+-------------------------------------------
     0 | D:1      | bande the Gargoyle Fighter began the quest for the Orb.
     0 | D:1      | Reached XP level 1. HP: 14/14 MP: 1/1
    56 | D:1      | Found a faded altar of an unknown god.
    85 | D:1      | Reached XP level 2. HP: 20/20 MP: 2/2
   290 | D:1      | Reached XP level 3. HP: 24/24 MP: 3/3
   859 | D:2      | Found a radiant altar of Vehumet.
   889 | D:2      | Reached XP level 4. HP: 28/29 MP: 4/4
  1910 | D:3      | Killed from afar by an orc priest

Illustrated notes

Levels and vault maps discovered:
D:1:      evilmike_arrival_home_sweet_home, layout_basic,
          shapermc_ecumenical_altar_starsandcircs
D:2:      layout_basic, basic_altar
D:3:      layout_basic

Skill      XL: |  1  2  3  4 |
---------------+-------------+-----
Axes           | 2 3 |  3.1
Fighting       | 4 |  4.1
Armour         | 4 |  4.0
Shields        | |  3.7

Action                   |  1- 3 |  4- 6 || total
-------------------------+-------+-------++-------
Melee: War axe           |    80 |    92 ||   172
  Use: Scroll            |     5 |     3 ||     8
       Potion            |       |     2 ||     2
Armor: Scale mail        |    62 |    73 ||   135
Dodge: Dodged            |    30 |    43 ||    73
Block: Buckler           |    25 |    16 ||    41

Table legend: (Time is in decaauts)
 A = Elapsed time spent in this place.
 B = Non-inter-level travel time spent in this place.
 C = Inter-level travel time spent in this place.
 D = Time resting spent in this place.
 E = Time spent auto-exploring this place.
 F = Levels seen in this place.
 G = Mean time per level.
                   A        B        C        D        E       F      G
               +--------+--------+--------+--------+--------+-----+--------+
         Total |   1982 |   1819 |    163 |      0 |   1352 |   3 |  660.7 |
       Dungeon |   1982 |   1819 |    163 |      0 |   1352 |   3 |  660.7 |
               +--------+--------+--------+--------+--------+-----+--------+

Top non-repeatable levels by time:
     D:2: 940 daAuts
     D:1: 714 daAuts
     D:3: 328 daAuts
